 Dungeon Crawl Stone Soup version 0.30.1-11-g7821555f0a (webtiles) character file.

Game seed: 703797027432743560

340 lonewolfV2 the Trooper (level 6, 0/52 HPs)
             Began as a Formicid Fighter on Nov 17, 2023.
             Slain by a gnoll
             ... wielding a +0 halberd
              (12 damage)
             ... on level 3 of the Dungeon.
             The game lasted 00:03:23 (2261 turns).

lonewolfV2 the Trooper (Formicid Fighter)           Turns: 2261, Time: 00:03:24

Health: 0/52       AC:  6    Str: 20    XL:     6   Next: 87%
Magic:  6/6        EV:  9    Int:  8    God:
Gold:   84         SH:  6    Dex: 15    Spells: 5/5 levels left

rFire   . . .        a - +1 war axe
rCold   . . .        c - +1 buckler
rNeg    . . .        b - +0 scale mail
rPois   .            (helmet unavailable)
rElec   .            (no cloak)
rCorr   +            (no gloves)
SInv    +            (no boots)
Will    .....        (no amulet) Stlth
                     g - ring of resist corrosion
HPRegen 0.28/turn    (no ring)
MPRegen 0.10/turn

%: no passive effects
@: no status effects
A: permanent stasis, dig shafts and tunnels, antennae 3, four strong arms
a: Dig, Shaft Self


You were on level 3 of the Dungeon.
You visited 1 branch of the dungeon, and saw 3 of its levels.

You collected 84 gold pieces.

Inventory:

Hand Weapons
 a - a +1 war axe (weapon)
Armour
 b - a +0 scale mail (worn)
 c - a +1 buckler (worn)
Jewellery
 g - a ring of resist corrosion (left hand)
Scrolls
 e - a scroll of teleportation
 f - a scroll of amnesia
Potions
 d - 2 potions of might
 h - 2 potions of curing
 i - a potion of heal wounds
 j - 2 potions of berserk rage
 l - a potion of resistance {unknown}
 n - a potion of haste {unknown}


   Skills:
 + Level 6.0 Fighting
 + Level 4.9 Axes
 - Level 3.2 Armour
 - Level 4.0 Shields


You had 5 spell levels left.
You didn't know any spells.
Your spell library contained the following spells:

 Spells                   Type           Power      Damage    Failure   Level
 Stone Arrow              Conj/Erth      0%         3d7       99%         3
 Animate Armour           Summ/Erth      0%         N/A       100%        4
 Lehudib's Crystal Spear  Conj/Erth      0%         10d2      100%        8


Dungeon Overview and Level Annotations

Branches:
Dungeon (3/15)

Altars:
Uskayaw


Innate Abilities, Weirdness & Mutations

You cannot be hasted, slowed, berserked, paralysed or teleported.
You can dig through walls and to a lower floor.
You have a pair of large antennae on your head. (SInv)
Your four strong arms can wield two-handed weapons with a shield.


Message History

The orc attacks as you move away! The orc closely misses you.
The orc priest miscasts a cantrip.
The orc attacks as you move away! You block the orc's attack.
You hit the orc.
The orc is almost dead.
The orc barely misses you. The orc hits you with a +0 war axe.
You closely miss the orc.
The orc is almost dead.
The orc hits you with a +0 war axe.
You hit the orc.
You kill the orc!
The bat hits you but does no damage.
A gnoll comes into view. It is wielding a +0 halberd.
The bat hits you but does no damage.
A gnoll comes into view. It is wielding a +0 flail.
The bat hits you but does no damage.
Things that are here:
a +0 war axe; a boomerang; an orc corpse You slash the bat!
You kill the bat!
The orc hits you but does no damage.
You closely miss the orc. The orc hits you with a +0 whip.
You slash the orc!
You kill the orc!
You hit the orc priest.
The orc priest is lightly wounded.
The orc priest calls down the wrath of Beogh upon you.
Beogh smites you!
You slash the orc priest!
You kill the orc priest!
The gnoll hits you from afar with a +0 halberd!
* * * LOW HITPOINT WARNING * * *
The orc hits you with a +0 short sword.
* * * LOW HITPOINT WARNING * * *
Your Fighting skill increases to level 6!
You slash the orc!
The orc is almost dead.
The orc hits you but does no damage.
The gnoll hits you from afar with a +0 halberd!
You die...

######## ###......
#.......# #.......#
#.......####
#..........# {
####...###.# {
###.#.###.# {
#...#..@og#
#######.########o.....
...........># .....
###########'## ....
#........[# ... ##+
#.........# ## ....
#.........#
....##.........# ##
...............# #.


You could see a gnoll and 2 orcs.

Vanquished Creatures
  Sigmund (D:3)
  An orc priest (D:3)
  Terence (D:2)
  6 adders
  2 orcs (D:3)
  7 endoplasms
  A giant cockroach (D:3)
  9 hobgoblins
  6 jackals (D:2)
  5 kobolds
  3 quokkas (D:1)
  3 ball pythons
  6 bats
  4 frilled lizards
  8 goblins
  3 rats
66 creatures vanquished.

Notes
Turn   | Place    | Note
-------+----------+-------------------------------------------
     0 | D:1      | lonewolfV2 the Formicid Fighter began the quest for the
                  | Orb.
     0 | D:1      | Reached XP level 1. HP: 18/18 MP: 1/1
   168 | D:1      | Reached XP level 2. HP: 24/24 MP: 2/2
   169 | D:1      | Found a faded altar of an unknown god.
   654 | D:1      | Reached XP level 3. HP: 30/30 MP: 3/3
   804 | D:2      | Reached skill level 4 in Fighting
   879 | D:2      | Noticed Terence
   890 | D:2      | Killed Terence
   891 | D:2      | Reached XP level 4. HP: 27/38 MP: 4/4
  1261 | D:2      | Reached XP level 5. HP: 35/43 MP: 5/5
  1681 | D:2      | Reached skill level 5 in Fighting
  1885 | D:3      | Found a hide-covered altar of Uskayaw.
  1917 | D:3      | Noticed Sigmund
  1928 | D:3      | Killed Sigmund
  1929 | D:3      | Reached XP level 6. HP: 36/52 MP: 6/6
  2261 | D:3      | Reached skill level 6 in Fighting
  2261 | D:3      | Slain by a gnoll

Illustrated notes

Levels and vault maps discovered:
D:1:      evilmike_arrival_fibonacci_small, layout_basic,
          hellmonk_ecumenical_altar_run_dry, dk_noncrumbling_3
D:2:      minmay_spotlight, layout_loops_ring, grunt_ministairs_3, uniq_terence
D:3:      layout_basic, mainiacjoe_overflow_cross_hatched,
          amethyst_overflow_temple_binary, supply_closet_lemuel,
          minmay_lizard_king, uniq_sigmund

Skill      XL: |  1  2  3  4  5  6 |
---------------+-------------------+-----
Fighting       | 4 5 6 |  6.0
Axes           | 3 4 |  4.9
Armour         | |  3.2
Shields        | |  4.0

Action                     |  1- 3 |  4- 6 || total
---------------------------+-------+-------++-------
  Melee: War axe           |    74 |   102 ||   176
Ability: Dig               |     1 |       ||     1
    Use: Scroll            |     5 |     5 ||    10
 Armour: Scale mail        |    32 |    36 ||    68
  Dodge: Dodged            |    36 |    54 ||    90
  Block: Buckler           |    18 |    35 ||    53
